 Dungeon Crawl Stone Soup version 0.28-a0-1510-gd0f6b136d3 (webtiles) character file.

Game seed: 15964535856984957712

34 tatocazan the Sneak (level 3, -2/18 HPs)
             Began as a Spriggan Brigand on Jan 15, 2022.
             Succumbed to a kobold's poison
             ... on level 1 of the Dungeon.
             The game lasted 00:01:43 (1123 turns).

tatocazan the Sneak (Spriggan Brigand)              Turns: 1123, Time: 00:01:43

Health: -2/18      AC:  7    Str:  7    XL:     3   Next: 14%
Magic:  4/4        EV: 16    Int: 12    God:
Gold:   38         SH:  0    Dex: 18    Spells: 2/2 levels left

rFire   . . .      SeeInvis +   a - +2 dagger
rCold   . . .      Faith    .   (no shield)
rNeg    . . .      Spirit   .   b - +0 robe
rPois   .          Reflect  .   (helmet restricted)
rElec   .          Harm     .   c - +0 cloak
rCorr   .          Rampage  .   (gloves unavailable)
Will    .....                   (boots unavailable)
Stlth   ++++......              (no amulet)
HPRegen 0.06/turn               g - +4 ring of protection
MPRegen 0.09/turn               (no ring)

@: lethally poisoned (-2 -> -30), very quick
A: very small, no large weapons, unfitting armour, see invisible, speed 3
a: no special abilities


You were on level 1 of the Dungeon.
You visited 1 branch of the dungeon, and saw 2 of its levels.

You collected 38 gold pieces.

Inventory:

Hand Weapons
 a - a +2 dagger (weapon)
Missiles
 d - 8 poisoned darts (quivered)
 e - 2 curare-tipped darts
Armour
 b - a +0 robe (worn)
 c - a +0 cloak (worn)
Jewellery
 g - a +4 ring of protection (left hand)
Scrolls
 f - a scroll of identify {unknown}
 h - a scroll of fog {unknown}
 j - 2 scrolls of amnesia {unknown}


   Skills:
 - Level 1.5 Fighting
 * Level 3.2 Short Blades
 - Level 2.0 Throwing
 - Level 1.4 Dodging
 * Level 6.7 Stealth


You had 2 spell levels left.
You didn't know any spells.
Your spell library was empty.

Dungeon Overview and Level Annotations

Branches:
Dungeon (2/15)

Altars:


Innate Abilities, Weirdness & Mutations

You are very small and have problems with some larger weapons.
You are too small for most types of armour.
You have supernaturally acute eyesight. (SInv)
You cover ground extremely quickly. (Speed+++)


Message History

You feel very sick.
You take 3 damage, and have 11/18 hp.
You hit the kobold.
The kobold is heavily wounded.
You feel very sick.
The kobold hits you with a +1 dagger of venom.
You are more poisoned.
You take 4 damage, and have 7/18 hp.
MASSIVE DAMAGE!!
You closely miss the kobold.
The kobold is heavily wounded.
* * * LOW HITPOINT WARNING * * *
You feel very sick. The kobold closely misses you.
You take 3 damage, and have 4/18 hp.
You feel much better.
You feel very sick. The kobold completely misses you.
You regained 10 hp, and now have 14/18 hp.
You barely miss the kobold.
The kobold is heavily wounded.
You feel very sick. The kobold hits you but does no damage.
You are more poisoned.
You take 3 damage, and have 11/18 hp.
You closely miss the kobold.
The kobold is heavily wounded.
You feel very sick. The kobold hits you but does no damage.
You are more poisoned.
You take 3 damage, and have 8/18 hp.
You hit the kobold but do no damage.
The kobold is heavily wounded.
* * * LOW HITPOINT WARNING * * *
You feel very sick. The kobold hits you but does no damage.
You are more poisoned.
You take 4 damage, and have 4/18 hp.
MASSIVE DAMAGE!!
You hit the kobold but do no damage.
The kobold is heavily wounded.
You die...

......# #....# ......#
#....# ......# #....#
......# #...[#
......#######....# #
########.......######.#
#..............#
#..............# #
#^.......@K....# #
#..............# #
#.......†......# #
#..............# #
#..............# #
######$........# #
#.........# #
#.........# #
#.........#


You could see a kobold.

Vanquished Creatures
  2 dart slugs (D:1)
  A ball python (D:2)
  7 bats (D:1)
  3 endoplasms
  4 giant cockroaches (D:1)
  2 goblins (D:1)
  A hobgoblin (D:1)
  A frilled lizard (D:2)
  3 kobolds
  4 rats
28 creatures vanquished.

Notes
Turn   | Place    | Note
-------+----------+-------------------------------------------
     0 | D:1      | tatocazan the Spriggan Brigand began the quest for the Orb.
     0 | D:1      | Reached XP level 1. HP: 10/10 MP: 2/2
    94 | D:1      | Reached skill level 6 in Stealth
    95 | D:1      | Found a faded altar of an unknown god.
    95 | D:1      | You fall into a shaft and drop 1 floor!
   439 | D:2      | Reached XP level 2. HP: 13/14 MP: 3/3
   893 | D:1      | Reached XP level 3. HP: 18/18 MP: 4/4
  1123 | D:1      | Succumbed to a kobold's poison

Illustrated notes

Levels and vault maps discovered:
D:1:      heliophobic_arrival_henge, layout_basic, ebering_ecumenical_altar_webs
D:2:      layout_loops_cross

Skill      XL: |  1  2 |
---------------+-------+-----
Stealth        | 6 |  6.7
Short Blades   | 3 |  3.2
Fighting       | |  1.5
Throwing       | |  2.0
Dodging        | |  1.4

Action                   || total
-------------------------++-------
Melee: Dagger            ||   116
       Punch             ||     1
  Use: Potion            ||     2
 Stab: Sleeping          ||    11
Armor: Robe              ||    24
Dodge: Dodged            ||    77

Table legend: (Time is in decaauts)
 A = Elapsed time spent in this place.
 B = Non-inter-level travel time spent in this place.
 C = Inter-level travel time spent in this place.
 D = Time resting spent in this place.
 E = Time spent auto-exploring this place.
 F = Levels seen in this place.
 G = Mean time per level.
                   A        B        C        D        E       F      G
               +--------+--------+--------+--------+--------+-----+--------+
         Total |    883 |    883 |      0 |    374 |    301 |   2 |  441.5 |
       Dungeon |    883 |    883 |      0 |    374 |    301 |   2 |  441.5 |
               +--------+--------+--------+--------+--------+-----+--------+

Top non-repeatable levels by time:
     D:1: 475 daAuts
     D:2: 408 daAuts
